 Dungeon Crawl Stone Soup version 0.27.1-35-g4d5d836560 (webtiles) character file.

Game seed: 7057480035712743948

127 Delamore the Sneak (level 5, -11/51 HPs)
             Began as an Octopode Brigand on May 17, 2022.
             Mangled by an ice beast (12 damage)
             ... on level 3 of the Dungeon.
             The game lasted 00:02:18 (2265 turns).

Delamore the Sneak (Octopode Brigand)               Turns: 2265, Time: 00:02:19

Health: -11/51     AC: 22    Str: 10    XL:     5   Next: 11%
Magic:  5/5        EV:  2    Int: 19    God:
Gold:   30         SH:  0    Dex: 15    Spells: 4/4 levels left

rFire    . . .     SeeInvis .   (no weapon)
rCold    . . .     Faith    .   (no shield)
rNeg     + + +     Spirit   .   (helmet currently unavailable)
rPois    +         Reflect  .   (no amulet)
rElec    .         Harm     .   g - +6 ring of intelligence
rCorr    .         Rampage  .   (no ring)
Will     .....     NoTele   +   (no ring)
Stlth    +++.......             (no ring)
HPRegen  0.17/turn              (no ring)
MPRegen  0.09/turn              (no ring)
                                (no ring)
                                (no ring)

@: tree-form
A: stationary, stasis, torment immunity, boosted hp, almost no armour,
(amphibious), 8 rings, (camouflage 1), (gelatinous body 1), (nimble swimmer 1),
(tentacles)
a: no special abilities


You were on level 3 of the Dungeon.
You were a tree.
You visited 1 branch of the dungeon, and saw 3 of its levels.

You collected 30 gold pieces.

Inventory:

Hand Weapons
 a - a +2 dagger
Missiles
 b - 8 poisoned darts (quivered)
 d - 4 boomerangs
 l - 8 stones
Jewellery
 g - a +6 ring of intelligence (left branch)
Scrolls
 e - 2 scrolls of identify {unknown}
 f - a scroll of blinking {unknown}
 j - a scroll of torment {unknown}
Potions
 i - a potion of heal wounds {unknown}
 k - a potion of degeneration {unknown}


   Skills:
 - Level 2.0 Fighting
 * Level 4.3 Short Blades
 + Level 3.3 Throwing
 - Level 1.0 Dodging
 - Level 5.3 Stealth


You had 4 spell levels left.
You didn't know any spells.
Your spell library contained the following spells:

 Spells                   Type           Power      Damage    Failure   Level
 Apportation              Tloc           0%         N/A       21%         1
 Alistair's Intoxication  Tmut/Pois      0%         N/A       99%         5
 Invisibility             Hex            0%         N/A       100%        6


Dungeon Overview and Level Annotations

Branches:
Dungeon (3/15)

Altars:
Fedhas


Innate Abilities, Weirdness & Mutations

You are a tree.
Your roots penetrate the ground, keeping you stationary.
You cannot be teleported.
You are immune to unholy pain and torment.
Your maximum health is greatly increased.
You cannot wear most types of armour.
((You are amphibious.))
You can wear up to eight rings at the same time.
((Your skin changes colour to match your surroundings (Stealth+).))
((Your rubbery body absorbs attacks. (AC +1, EV +1)))
((You are camouflaged near water. (Stealth+)))
((You have tentacles for arms and can constrict up to eight enemies at once.))


Message History

The ice beast hits you but does no damage.
You hit the ice beast.
The ice beast is lightly wounded.
The ice beast barely misses you.
You hit the ice beast.
The ice beast is moderately wounded.
The ice beast hits you but does no damage.
You hit the ice beast but do no damage.
The ice beast is moderately wounded.
You are already wielding that!
You cannot move.
An ice beast is nearby!
You are now empty-handed.
The ice beast hits you. The ice beast freezes you!
You hit the ice beast but do no damage.
The ice beast is moderately wounded.
The ice beast hits you but does no damage.
You completely miss the ice beast.
The ice beast is moderately wounded.
The ice beast hits you but does no damage.
You hit the ice beast but do no damage.
The ice beast is moderately wounded.
The ice beast barely misses you.
You hit the ice beast but do no damage.
The ice beast is moderately wounded.
The ice beast completely misses you.
You smack the ice beast!
The ice beast is heavily wounded.
The ice beast hits you.
* * * LOW HITPOINT WARNING * * *
The ice beast freezes you!
* * * LOW HITPOINT WARNING * * *
You hit the ice beast.
The ice beast is severely wounded.
The ice beast hits you but does no damage.
You hit the ice beast.
The ice beast is severely wounded.
The ice beast hits you.
* * * LOW HITPOINT WARNING * * *
The ice beast freezes you!
You die...

.#..#.....# .#.# #
.......# ...#
#.......###..##
###.#.#.........#
......##.....##.##
....####...#.....#
.................#
.........##......#
.........###...Y♣##
.........###.<....#
.##.##Y..#.......>#
.##.#..#...#....#..#
..Y...##..##....#....
..#.####..##....##.#.
....# #..########
...( ....# #..# ####.
..........


You could see an ice beast.

Vanquished Creatures
  Natasha (thrice) (D:2)
  An adder (D:2)
  A worm (D:2)
  2 ball pythons (D:1)
  2 endoplasms
  4 goblins
  6 hobgoblins
  5 jackals
  2 kobolds
  2 quokkas
  7 bats
  3 frilled lizards
  4 rats
42 creatures vanquished.

Vanquished Creatures (others)
  A plant (D:3)
1 creature vanquished.

Grand Total: 43 creatures vanquished

Notes
Turn   | Place    | Note
-------+----------+-------------------------------------------
     0 | D:1      | Delamore the Octopode Brigand began the quest for the Orb.
     0 | D:1      | Reached XP level 1. HP: 14/14 MP: 1/1
   279 | D:1      | Reached XP level 2. HP: 19/19 MP: 2/2
   483 | D:1      | You fall into a shaft and drop 1 floor!
   543 | D:2      | Reached XP level 3. HP: 7/24 MP: 3/3
   933 | D:2      | Noticed Natasha
   941 | D:2      | Killed Natasha
  1135 | D:1      | Reached XP level 4. HP: 29/29 MP: 4/4
  1621 | D:2      | Noticed Natasha
  1629 | D:2      | Killed Natasha
  1716 | D:2      | Noticed Natasha
  1734 | D:2      | Killed Natasha
  1735 | D:2      | Reached XP level 5. HP: 23/34 MP: 5/5
  2137 | D:3      | Found a blossoming altar of Fedhas.
  2142 | D:3      | Noticed an ice beast
  2265 | D:3      | HP: 1/51 [ice beast (3)]
  2265 | D:3      | Mangled by an ice beast

Illustrated notes

Levels and vault maps discovered:
D:1:      dpeg_arrival_chambers_temple_mockup, layout_loops_ring
D:2:      layout_basic, uniq_natasha
D:3:      layout_rooms, gammafunk_temple_overflow_forgotten,
          hangedman_abyss_or_decor_stabs

Skill      XL: |  1  2  3  4 |
---------------+-------------+-----
Short Blades   | 3 4 |  4.3
Throwing       | 3 |  3.3
Fighting       | |  2.0
Dodging        | |  1.0
Stealth        | |  5.3

Action                   |  1- 3 |  4- 6 || total
-------------------------+-------+-------++-------
Melee: Dagger            |    38 |    42 ||    80
       Constrict         |     7 |     9 ||    16
       Tentacles         |     4 |     7 ||    11
       Unarmed           |       |     7 ||     7
Throw: Dart              |     7 |     2 ||     9
       Boomerang         |     3 |       ||     3
  Use: Potion            |       |     1 ||     1
 Stab: Sleeping          |    14 |     6 ||    20
Armor: Skin              |     3 |     8 ||    11
Dodge: Dodged            |    19 |    14 ||    33
